Build Orders - Match 35207585 - cohdb - Company of Heroes 3 Replays
cohdb
Replays
Latest Replays
All Replays
Popular Replays
Top Player Replays
Match Explorer
How It Works
Community
CoH3 Stats
Reddit
Sign in to upload your games and track your stats! →
Sign in with Steam
Match 35207585
Unlisted
Match 35207585
Overview
Messages
Build Orders
End
Construct Infanterie Kompanie
Selects Luftwaffe Battlegroup
MG 42 Machine Gun Team
GrW 34 Mortar Team
Grenadier Squad
Grenadier Squad
Infanterie Officer Quarters
Selects Stuka Strafing Run
Grenadier Squad
Grenadier Squad
Construct Luftwaffe Kompanie
Support Elements
Selects Fallschirmjäger Squad Paradrop
Selects Luftwaffe Pioneer Support
Stuka Strafing Run
Wirbelwind Flakpanzer
Phan
kamacura
Tek
pandora517894518129
[BIG] SWEEDS
Inspector Butters
사람이왜살지
WrebbsJohnsonGiver
0
0
Comments
sign in to comment!
No comments posted yet!